 Dungeon Crawl Stone Soup version 0.32-a0-38-gb04dd89b9b (webtiles) character file.

Game seed: 15329366071928962825

315 jlumianski the Trooper (level 6, -1/39 HPs)
             Began as a Gargoyle Fighter on Jan 23, 2024.
             Was an Initiate of Qazlal.
             Killed by divine providence
             ... invoked by an orc priest
              (14 damage)
             ... on level 5 of the Dungeon.
             The game lasted 00:13:53 (2948 turns).

jlumianski the Trooper (Gargoyle Fighter)           Turns: 2948, Time: 00:13:54

Health: -1/39      AC: 13    Str: 22    XL:     6   Next: 43%
Magic:  6/6        EV: 10    Int:  8    God:    Qazlal [......]
Gold:   220        SH:  4    Dex:  9    Spells: 5/5 levels left

rFire   + . .        a - +1 war axe (heavy)
rCold   + . .        c - +0 buckler
rNeg    + . .        f - +2 ring mail {rPois}
rPois   ∞            (no helmet)
rElec   +            r - scarf {rC+ rF+}
rCorr   .            (no gloves)
SInv    .            u - +0 pair of boots
Will    .....        (no amulet) Stlth
                     (no ring)
HPRegen 0.26/turn    (no ring)
MPRegen 0.10/turn

%: no passive effects
@: no status effects
A: sickness immunity, AC +4, negative energy resistance 1, electricity
resistance, torment resistance 1, petrification resistance
a: Renounce Religion


You were on level 5 of the Dungeon.
You worshipped Qazlal.
Qazlal was noncommittal.
You visited 1 branch of the dungeon, and saw 5 of its levels.

You collected 283 gold pieces.
You spent 63 gold pieces at shops.

Inventory:

Hand Weapons
 a - a +1 heavy war axe (weapon)
Missiles
 e - 5 javelins (quivered)
 i - 3 boomerangs
 p - 7 poisoned darts
Armour
 b - a +0 scale mail
 c - a +0 buckler (worn)
 f - a +2 ring mail of poison resistance (worn)
 r - a scarf of resistance (worn)
 t - a +0 chain mail
 u - a +0 pair of boots (worn)
Talismans
 k - a beast talisman
Scrolls
 h - a scroll of immolation
 n - a scroll of teleportation
 q - a scroll of fog
 s - a scroll of poison
 v - a scroll of fear
 w - a scroll of vulnerability {unknown}
 x - a scroll of brand weapon
Potions
 d - a potion of might
 g - 3 potions of haste
 j - 3 potions of enlightenment
 l - a potion of ambrosia
 m - a potion of brilliance
 o - a potion of curing


   Skills:
 * Level 4.7 Fighting
 + Level 3.9 Axes
 + Level 4.3 Armour
 + Level 4.4 Shields


You had 5 spell levels left.
You didn't know any spells.
Your spell library contained the following spells:

 Spells                   Type           Power      Damage    Failure   Level
 Necrotise                Necr           0%         1d4       63%         1


Dungeon Overview and Level Annotations

Branches:
Dungeon (5/15)
 Temple: D:4-7

Altars:
Gozag
Qazlal
The Shining One

Shops:
D:1 [

Annotations:
D:4 Prince Ribbit


Innate Abilities, Weirdness & Mutations

You are immune to sickness and miasma.
Your stone body is resilient. (AC +4)
You are immune to poison.
You resist negative energy. (rN+)
You are resistant to electric shocks. (rElec)
You are resistant to unholy torment.
You are immune to petrification.


Message History

Qazlal accepts your kill.
You start resting.
HP restored.
Okay, then.
Unknown command.
Unknown command.
Unknown command.
Unknown command.
Partly explored, can't reach some places.
There is a stone staircase leading down here.
You climb downwards.
There is a stone staircase leading up here.
You now have 220 gold pieces (gained 7).
Found an escape hatch in the floor.
Found a scale mail.
n - a scroll of teleportation
Found a stone staircase leading down.
An orc priest comes into view. It is wielding a +0 whip.
The orc priest shouts!
An adder comes into view.
An orc priest comes into view. It is wielding a +0 war axe.
An orc comes into view. It is wielding a +0 morningstar.
The orc priest shouts!
The orc shouts!
The adder hisses angrily.
The orc priest invokes the aid of Beogh against you.
Pain shoots through your body!
The orc priest mumbles some strange prayers to Beogh against you.
Beogh smites you!
An orc comes into view. It is wielding a +0 dagger.
The adder bites you but does no damage.
The orc priest attacks as it pursues you!
The orc priest barely misses you. The adder bites you but does no damage.
The orc priest looks satisfied for a moment.
The adder attacks as it pursues you! The adder barely misses you.
The orc priest calls down the wrath of Beogh upon you.
Beogh smites you!
You closely miss the adder. The adder closely misses you.
The orc priest invokes the aid of Beogh against you.
Beogh smites you!
You die...

###########
#.........#
#..........
########..........
#...@So.o.o.......
##.#####o.........
#.# ........>....
#.#.###..........
#.# ########...
#.# .. #.# . #.#
#.#


You could see 2 orc priests, an adder and 2 orcs.

Vanquished Creatures
  A black bear (D:4)
  An iguana (D:4)
  An orc wizard (D:4)
  4 gnolls (D:4)
  5 adders
  5 dart slugs
  A ribbon worm (D:3)
  9 orcs (D:4)
  4 endoplasms
  A giant cockroach (D:1)
  8 goblins
  8 hobgoblins
  7 jackals
  A quokka (D:1)
  5 ball pythons
  3 bats
  5 frilled lizards
  3 kobolds
  4 rats
76 creatures vanquished.

Notes
Turn   | Place    | Note
-------+----------+-------------------------------------------
     0 | D:1      | jlumianski the Gargoyle Fighter began the quest for the
                  | Orb.
     0 | D:1      | Reached XP level 1. HP: 14/14 MP: 1/1
    77 | D:2      | Reached XP level 2. HP: 20/20 MP: 2/2
   143 | D:2      | Reached XP level 3. HP: 24/24 MP: 3/3
   319 | D:1      | Found Rienaph's Armour Shoppe.
   612 | D:2      | Reached XP level 4. HP: 25/29 MP: 4/4
  1104 | D:1      | Bought a +0 pair of boots for 63 gold pieces
  1235 | D:3      | Found a faded altar of an unknown god.
  1275 | D:3      | Got Plato's Papyrus of Exhumation
  1954 | D:4      | Noticed a black bear
  1964 | D:4      | Killed a black bear
  1965 | D:4      | Reached XP level 5. HP: 32/34 MP: 5/5
  2047 | D:4      | Reached XP level 6. HP: 35/39 MP: 6/6
  2055 | D:4      | Found a stormy altar of Qazlal.
  2063 | D:4      | Became a worshipper of Qazlal Stormbringer
  2151 | D:5      | Entered Level 5 of the Dungeon
  2241 | D:4      | Found a glowing golden altar of the Shining One.
  2397 | D:4      | Found an opulent altar of Gozag.
  2559 | D:5      | Noticed Prince Ribbit
  2948 | D:5      | Killed from afar by an orc priest

Illustrated notes

Levels and vault maps discovered:
D:1:      giann_bridges, layout_basic, serial_shops, shop
D:2:      layout_rooms, supply_closet_lemuel
D:3:      layout_basic, shapermc_ecumenical_altar_rom_forum
D:4:      layout_basic, lemuel_tele_altar, overflow_temple_1_default,
          grunt_qazlal_sundering
D:5:      layout_basic, minmay_temple_entry_nine_rooms, uniq_prince_ribbit1

Skill      XL: |  1  2  3  4 |
---------------+-------------+-----
Axes           | 2 3 |  3.9
Fighting       | 4 |  4.7
Shields        | 4 |  4.4
Armour         | 4 |  4.3

Action                     |  1- 3 |  4- 6 || total
---------------------------+-------+-------++-------
  Melee: War axe           |   112 |   125 ||   237
  Throw: Javelin           |     1 |     1 ||     2
    Use: Scroll            |       |    12 ||    12
         Potion            |       |     3 ||     3
 Armour: Scale mail        |    16 |       ||    16
         Ring mail         |    69 |   113 ||   182
  Dodge: Dodged            |    80 |    83 ||   163
  Block: Buckler           |    27 |    42 ||    69

Table legend: (Time is in decaauts)
 A = Elapsed time spent in this place.
 B = Non-inter-level travel time spent in this place.
 C = Inter-level travel time spent in this place.
 D = Time resting spent in this place.
 E = Time spent auto-exploring this place.
 F = Levels seen in this place.
 G = Mean time per level.
                   A        B        C        D        E       F      G
               +--------+--------+--------+--------+--------+-----+--------+
         Total |   3066 |   2933 |    133 |     83 |   1534 |   5 |  613.2 |
       Dungeon |   3066 |   2933 |    133 |     83 |   1534 |   5 |  613.2 |
               +--------+--------+--------+--------+--------+-----+--------+

Top non-repeatable levels by time:
     D:4: 960 daAuts
     D:3: 932 daAuts
     D:2: 596 daAuts
     D:1: 403 daAuts
     D:5: 174 daAuts
